 Seeded DCSS version 0.30-a0-823-geb93a13 (webtiles) character file.

Game seed: 7557517153524949660 (custom seed)

1741 PurpleRed the Thaumaturge (level 8, -9/56 HPs)
             Began as a Mummy Reaver on Feb 27, 2023.
             Was an Initiate of Vehumet.
             Mangled by a vampire (12 damage)
             ... on level 6 of the Dungeon.
             The game lasted 00:32:09 (7113 turns).

PurpleRed the Thaumaturge (Mummy Reaver)            Turns: 7113, Time: 00:32:09

Health: -9/56      AC:  7    Str: 15    XL:     8   Next: 77%
Magic:  18/20      EV: 11    Int: 15    God:    Vehumet [......]
Gold:   59         SH:  0    Dex: 10    Spells: 18/24 levels left

rFire   x . .      SeeInvis .    h - +6 short sword of Exquisite Death {freeze, Stlth+}
rCold   + . .      Faith    +    (no shield)
rNeg    + + +      Spirit   .    n - +2 robe {rN+}
rPois   ∞          Reflect  .    i - +2 helmet
rElec   .          Harm     .    (no cloak)
rCorr   .          Rampage  .    (no gloves)
Will    +....                    (no boots)
Stlth   ++                       (no amulet)
HPRegen 0.29/turn                (no ring)
MPRegen 0.17/turn                (no ring)

@: about to teleport, immotile
A: cold resistance 1, negative energy resistance 3, torment resistance 2, heat
vulnerability 1, in touch with death 1, no potions, faith
a: Renounce Religion


You were on level 6 of the Dungeon.
You worshipped Vehumet.
Vehumet was noncommittal.
You visited 2 branches of the dungeon, and saw 7 of its levels.

You collected 219 gold pieces.
You spent 160 gold pieces at shops.

Inventory:

Hand Weapons
 a - a +0 falchion
 c - a +0 whip
 h - the +6 short sword of Exquisite Death (weapon) {freeze, Stlth+}
   (You bought it in a shop on level 2 of the Dungeon)

   Stlth:     It makes you more stealthy.
Missiles
 l - 5 silver javelins
 p - a throwing net
 q - 11 poisoned darts
Armour
 i - a +2 helmet (worn)
 n - a +2 robe of positive energy (worn)
Wands
 g - a wand of roots (8)
 j - a wand of light (1)
 m - a wand of polymorph (10)
Scrolls
 b - 3 scrolls of noise
 d - 3 scrolls of identify
 e - a scroll of amnesia
 f - a scroll of immolation
 k - a scroll of enchant weapon
 o - a scroll of magic mapping


   Skills:
 - Level 2.0 Fighting
 + Level 2.3(2.9) Short Blades
 - Level 2.4(2.9) Long Blades
 - Level 1.5 Dodging
 + Level 8.6 Spellcasting
 + Level 6.1 Conjurations
 - Level 3.0 Translocations
 + Level 2.3 Ice Magic


You had 18 spell levels left.
You knew the following spells:

 Your Spells              Type           Power      Damage    Failure   Level
a - Kiss of Death         Conj/Necr      92%        2d12      3%          1
b - Momentum Strike       Conj/Tloc      40%        3d9       2%          2
c - Hailstorm             Conj/Ice       19%        3d6       6%          3

Your spell library contained the following spells:

 Spells                   Type           Power      Damage    Failure   Level
 Confusing Touch          Hex            6%         N/A       34%         3
 Dispel Undead            Necr           9%         3d8       75%         4
 Chain Lightning          Conj/Air       7%         3d10      100%        9
 Fire Storm               Conj/Fire      7%         8d2       100%        9
 Shatter                  Erth           3%         3d7*      100%        9


Dungeon Overview and Level Annotations

Branches:
Dungeon (6/15)             Temple (1/1) D:6

Altars:
Ashenzari
Cheibriados
Fedhas
Gozag
Hepliaklqana
Kikubaaqudgha
Makhleb
Nemelex Xobeh
Okawaru
Ru
Sif Muna
Trog
Uskayaw
Vehumet
Wu Jian

Shops:
D:2 *

Annotations:
D:4 Duvessa


Innate Abilities, Weirdness & Mutations

You are immune to poison.
Your flesh is cold resistant. (rC+)
You are immune to negative energy. (rN+++)
You are immune to unholy pain and torment.
You are vulnerable to heat. (rF-)
You are in touch with the powers of death.
You do not drink.
You have a special connection with the divine. (Faith)


Message History

The vampire is moderately damaged.
You are no longer robbed of momentum.
The vampire hits you.
The vampire bites you but does no damage.
You're too confused to attack without stumbling around!
You bump into the rock wall.
The vampire hits you! The vampire barely misses you.
You're too confused to move!
The vampire closely misses you. The vampire misses you. The vampire hits you!
The vampire barely misses you.
There is a stone staircase leading up here.
You hit the vampire but do no damage.
The vampire is moderately damaged.
The vampire hits you! The vampire closely misses you.
You hit the vampire.
The vampire is heavily damaged.
You feel less confused. The vampire closely misses you. The vampire bites you.
Casting: Momentum Strike (safe; 2% risk of failure)
Confirm with . or Enter, or press ? or * to list all spells.
Aiming: Momentum Strike (safe; 2% risk of failure)
Press: ? - help, Dir - move target, f/p - vampire
Aim: a vampire (heavily damaged, 71% to hit)
The concentrated momentum hits the vampire!
The vampire is severely damaged.
You are unable to move.
The vampire hits you!
* * * LOW HITPOINT WARNING * * *
The vampire bites you!
* * * LOW HITPOINT WARNING * * *
As you read the scroll of teleportation, it crumbles to dust.
You feel strangely unstable. The vampire closely misses you.
The vampire completely misses you.
You can't drink.
Aiming: Bolt of Light
Press: ? - help, Shift-Dir - straight line, f/p - vampire
Aim: a vampire (severely damaged, 71% to hit)
The bolt of light hits the vampire.
The vampire is almost destroyed.
The vampire is blinded.
The vampire barely misses you. The vampire bites you!
You die...

#.#.##........#
#.#.#.##>.......#
#)#.#.##........#
#.#.#.#.........#
#.#.#>#.........#
#.#.#.#.........#
#.#.#.#.#.##'####.#
#.#.#.............# #
#.#.....[@...###### #[
#.#......V......... #.
#.##.######..#####
#..#.##..............#
##.#..#.##..#...#..####.#
............+...#..#
####.##.##.##...#..# ..
#.##.##...#..#
####.##.##.##...#...


You could see a vampire (blind).

Vanquished Creatures
  Menkaure (D:5)
  2 water moccasins
  An orc warrior (D:6)
  An ice beast (D:5)
  A black bear (D:5)
  An ogre (D:5)
  A centaur (D:5)
  2 phantoms
  3 necrophages
  Dowan (D:4)
  A hound (D:5)
  2 orc priests (D:6)
  A jelly (D:5)
  A gnoll bouda (D:5)
  Jessica (D:2)
  4 iguanas
  Natasha (thrice) (D:3)
  Robin (D:2)
  3 adders
  5 gnolls
  2 white imps
  4 worms
  2 dart slugs
  9 orcs
  10 ball pythons
  11 endoplasms
  A giant cockroach (D:2)
  12 goblins
  12 hobgoblins
  10 jackals
  2 quokkas
  5 bats
  7 frilled lizards (D:1)
  8 kobolds
  6 rats
137 creatures vanquished.

Vanquished Creatures (others)
  3 fungi (D:2)
  5 plants (D:2)
8 creatures vanquished.

Grand Total: 145 creatures vanquished

Notes
Turn   | Place    | Note
-------+----------+-------------------------------------------
     0 | D:1      | PurpleRed the Mummy Reaver began the quest for the Orb.
     0 | D:1      | Reached XP level 1. HP: 16/16 MP: 4/4
   207 | D:1      | Reached skill level 3 in Spellcasting
   226 | D:1      | Reached XP level 2. HP: 19/21 MP: 6/6
   242 | D:1      | Learned a level 2 spell: Momentum Strike
   588 | D:1      | Reached skill level 1 in Translocations
   955 | D:1      | Gained mutation: You are in touch with the powers of death.
                  | [Mummy growth]
   955 | D:1      | Reached XP level 3. HP: 27/27 MP: 7/7
  1288 | D:2      | Noticed Robin
  1406 | D:2      | Killed Robin
  1427 | D:2      | Learned a level 3 spell: Hailstorm
  1471 | D:2      | Reached XP level 4. HP: 33/33 MP: 2/9
  1539 | D:2      | Noticed Jessica
  1567 | D:2      | Killed Jessica
  1568 | D:2      | Reached skill level 4 in Spellcasting
  1695 | D:2      | Found Ruivodoce's Assorted Antiques.
  1903 | D:2      | Found a faded altar of an unknown god.
  2245 | D:3      | Noticed Natasha
  2260 | D:3      | Killed Natasha
  2261 | D:3      | Reached XP level 5. HP: 18/35 MP: 4/11
  2378 | D:3      | Found an iron altar of Okawaru.
  2986 | D:3      | Noticed Natasha
  2991 | D:3      | Killed Natasha
  3176 | D:3      | Noticed Natasha
  3177 | D:3      | Killed Natasha
  3178 | D:3      | Reached skill level 5 in Spellcasting
  3178 | D:3      | Reached XP level 6. HP: 40/41 MP: 10/13
  3515 | D:4      | Noticed Duvessa
  3515 | D:4      | Noticed Dowan
  3566 | D:4      | Found a hazy altar of Hepliaklqana.
  3881 | D:4      | Killed Dowan
  3993 | D:4      | Found a burning altar of Makhleb.
  4275 | D:5      | Entered Level 5 of the Dungeon
  4279 | D:5      | Noticed a water moccasin
  4290 | D:5      | Killed a water moccasin
  4291 | D:5      | Reached skill level 6 in Spellcasting
  4291 | D:5      | Reached XP level 7. HP: 38/50 MP: 4/16
  4891 | D:5      | Reached skill level 7 in Spellcasting
  4891 | D:5      | Reached skill level 5 in Conjurations
  5169 | D:5      | Reached XP level 8. HP: 52/56 MP: 14/19
  5253 | D:4      | Found a blossoming altar of Fedhas.
  5323 | D:2      | Bought a slimy short sword for 160 gold pieces
  5323 | D:2      | Identified the +6 short sword of Exquisite Death {freeze,
                  | Stlth+} (You bought it in a shop on level 2 of the Dungeon)
  6063 | D:5      | Noticed Menkaure
  6070 | D:5      | Killed Menkaure
  6071 | D:5      | Reached skill level 1 in Short Blades
  6071 | D:5      | Reached skill level 1 in Ice Magic
  6146 | D:5      | Reached skill level 8 in Spellcasting
  6352 | D:6      | Found a staircase to the Ecumenical Temple.
  6402 | Temple   | Entered the Ecumenical Temple
  6510 | Temple   | Became a worshipper of Vehumet
  7111 | D:6      | HP: 2/56 [vampire (11)]
  7113 | D:6      | Mangled by a vampire

Illustrated notes

Levels and vault maps discovered:
D:1:      nzn_arrival_depleted_hourglass, layout_loops_ring, minmay_lizard_pond
D:2:      layout_rooms, shapermc_ecumenical_altar_mp_ritualfount, serial_shops,
          shop, hangedman_decor_riveting, uniq_robin, uniq_jessica
D:3:      minmay_door_path, layout_loops_cross, general_overflow_altar,
          okawaru_gym_becter, serial_aquarium, aquarium_bridge_long_joined
          [aquarium_subvault_bridge, aquarium_subvault_wall,
          aquarium_subvault_bridge, aquarium_subvault_window,
          aquarium_subvault_bridge, aquarium_subvault_bridge],
          aquarium_bridge_straight [aquarium_subvault_bridge,
          aquarium_subvault_window, aquarium_subvault_bridge,
          aquarium_subvault_wall], aquarium_window_1, aquarium_window_2,
          aquarium_view_2a, hangedman_decor_peaks_small,
          kennysheep_generic_room_11, uniq_natasha
D:4:      layout_cave_pods, nicolae_hepliaklqana_hazy_memory,
          mainiacjoe_overflow_six_doors_small, fedhas_altar_fruit_tree,
          kennysheep_minor_cross, uniq_duvessa
D:5:      layout_basic, dk_rats_in_the_wall, uniq_menkaure
D:6:      layout_basic, temple_fountains, chequers_decorated_corner,
          minmay_chambers_of_fives
Temple:   oiseaux_autumnal_temple

Skill      XL: |  1  2  3  4  5  6  7  8 |
---------------+-------------------------+-----
Spellcasting   | 3 4 5 6 7 8 |  8.6
Translocations | 1 2 3 |  3.0
Conjurations   | 3 4 5 6 |  6.1
Short Blades   | 2 |  2.3
Ice Magic      | 2 |  2.3
Fighting       | |  2.0
Long Blades    | |  2.4
Dodging        | |  1.5

Action                     |  1- 3 |  4- 6 |  7- 9 || total
---------------------------+-------+-------+-------++-------
  Melee: Falchion          |   119 |   186 |    40 ||   345
         Punch             |     3 |     1 |     4 ||     8
         Short sword       |       |       |    62 ||    62
   Cast: Kiss of Death     |     1 |     3 |       ||     4
         Momentum Strike   |    13 |    16 |    30 ||    59
         Hailstorm         |     2 |     9 |    18 ||    29
  Evoke: Wand              |       |       |     4 ||     4
    Use: Scroll            |     1 |     9 |     2 ||    12
   Stab: Sleeping          |     1 |     1 |       ||     2
         Invisible         |       |       |     2 ||     2
         Distracted        |       |       |     1 ||     1
 Armour: Leather armour    |    35 |       |       ||    35
         Animal skin       |     1 |     3 |       ||     4
         Robe              |       |    74 |    32 ||   106
  Dodge: Dodged            |    77 |   136 |    83 ||   296

Table legend: (Time is in decaauts)
 A = Elapsed time spent in this place.
 B = Non-inter-level travel time spent in this place.
 C = Inter-level travel time spent in this place.
 D = Time resting spent in this place.
 E = Time spent auto-exploring this place.
 F = Levels seen in this place.
 G = Mean time per level.
                   A        B        C        D        E       F      G
               +--------+--------+--------+--------+--------+-----+--------+
         Total |   7189 |   6836 |    353 |    137 |   4551 |   7 | 1027.0 |
       Dungeon |   6927 |   6583 |    344 |    137 |   4331 |   6 | 1154.5 |
        Temple |    261 |    252 |      9 |      0 |    220 |   1 |  261.0 |
               +--------+--------+--------+--------+--------+-----+--------+

Top non-repeatable levels by time:
     D:5: 1727 daAuts
     D:3: 1362 daAuts
     D:1: 1282 daAuts
     D:4: 1126 daAuts
     D:2: 923 daAuts
     D:6: 504 daAuts
  Temple: 261 daAuts
